 Dungeon Crawl Stone Soup version 0.30-a0-605-gb2882149bf (webtiles) character file.

Game seed: 14334995109874804556

2225 sokol815 the Covert (level 9, -16/56 HPs)
             Began as an Octopode Fighter on Jan 7, 2023.
             Demolished by an ogre
             ... wielding a +0 giant spiked club
              (37 damage)
             ... on level 6 of the Dungeon.
             The game lasted 00:15:50 (6135 turns).

sokol815 the Covert (Octopode Fighter)              Turns: 6135, Time: 00:15:50

Health: -16/56     AC:  1    Str: 21    XL:     9   Next: 35%
Magic:  24/24      EV: 13    Int: 15    God:
Gold:   211        SH:  4    Dex: 11    Spells: 10/16 levels left

rFire   x . .      SeeInvis .    a - +2 dagger (speed)
rCold   + . .      Faith    .    b - +0 buckler
rNeg    . . .      Spirit   .    (helmet restricted)
rPois   +          Reflect  .    n - amulet "Bomosaik" {RegenMP Str+6}
rElec   .          Harm     .    m - ring of magical power {MP+9}
rCorr   .          Rampage  .    P - ring of poison resistance {rPois, !d}
Will    .....                    c - ring of ice {rC+, rF-}
Stlth   +++++                    (no ring)
HPRegen 0.29/turn                (no ring)
MPRegen 0.59/turn                (no ring)
                                 (no ring)
                                 (no ring)

@: no status effects
A: almost no armour, amphibious, 8 rings, camouflage 1, gelatinous body 1,
(nimble swimmer 1), tentacles
a: no special abilities


You were on level 6 of the Dungeon.
You visited 2 branches of the dungeon, and saw 7 of its levels.
You also visited: Ossuary.

You collected 211 gold pieces.

Inventory:

Hand Weapons
 a - a +2 dagger of speed (weapon)
   (You took it off a goblin on level 3 of the Dungeon)
 e - a +0 flail of protection
   (You took it off a gnoll on level 3 of the Dungeon)
 h - a +1 whip of electrocution
   (You took it off a gnoll bouda on level 3 of the Dungeon)
 l - a +2 flail of holy wrath
   (You took it off a gnoll on level 3 of the Dungeon)
 o - a +2 vampiric whip
   (You took it off a gnoll on level 3 of the Dungeon)
 u - a +1 dagger of flaming
   (You took it off an orc on level 3 of the Dungeon)
 B - a +5 battleaxe
   (You took it off a wight in an ossuary)
 C - a +3 halberd of freezing
   (You took it off a wight in an ossuary)
Missiles
 g - 3 boomerangs
 p - 5 poisoned darts
 r - a throwing net {!d}
 s - 20 stones
Armour
 b - a +0 buckler (worn)
Magical Staves
 i - a staff of earth
   (You found it on level 2 of the Dungeon)
 t - a staff of air {rElec}
   (You found it on level 6 of the Dungeon)
Jewellery
 c - a ring of ice (on tentacle) {rC+, rF-}
   (You found it on level 6 of the Dungeon)
 j - an amulet of reflection
   (You found it on level 2 of the Dungeon)
 m - a ring of magical power (left tentacle) {MP+9}
   (You found it on level 2 of the Dungeon)
 n - the amulet "Bomosaik" (around mantle) {RegenMP Str+6}
   (You found it on level 2 of the Dungeon)

   [amulet of magic regeneration]

   It increases your rate of magic regeneration.
   Str:       It affects your strength (+6).
 P - a ring of poison resistance (right tentacle) {rPois, !d}
   (You found it on level 5 of the Dungeon)
Scrolls
 f - 2 scrolls of fog
 k - a scroll of amnesia
 v - 3 scrolls of poison {!r}
 x - a scroll of torment {!r}
 E - 2 scrolls of fear
 O - a scroll of silence
 V - 2 scrolls of vulnerability {!r!r}
 Y - 6 scrolls of teleportation {@r3}
Potions
 z - a potion of attraction {!q}
 A - a potion of cancellation
 F - a potion of heal wounds {unknown}
 G - a potion of lignification {unknown}
 J - 4 potions of curing {@q1}
 R - a potion of resistance
 U - a potion of mutation {!q}


   Skills:
 - Level 3.0 Fighting
 + Level 6.3 Short Blades
 - Level 4.1 Axes
 - Level 3.0 Dodging
 - Level 8.0 Stealth
 - Level 3.0 Shields
 - Level 4.0 Spellcasting
 + Level 1.0 Conjurations
 + Level 5.7 Hexes
 + Level 1.0 Earth Magic


You had 10 spell levels left.
You knew the following spells:

 Your Spells              Type           Power      Damage    Failure   Level
a - Confusing Touch       Hex            20%        N/A       7%          3
x - Stone Arrow           Conj/Erth      12%        3d7       43%         3

Your spell library contained the following spells:

 Spells                   Type           Power      Damage    Failure   Level
 Sandblast                Erth           12%        2d6       16%         1
 Kiss of Death            Conj/Necr      16%        2d6       19%         1
 Shock                    Conj/Air       16%        1d4       19%         1
 Apportation              Tloc           6%         N/A       24%         1
 Beastly Appendage        Tmut           6%         N/A       24%         1
 Passwall                 Tmut/Erth      3%         N/A       28%         2
 Blink                    Tloc           6%         N/A       34%         2
 Wereblood                Tmut           3%         N/A       34%         2
 Spider Form              Tmut/Pois      3%         N/A       56%         3
 Iskenderun's Mystic Bla  Conj/Tloc      4%         2d3       88%         4
 Dispel Undead            Necr           3%         3d7       93%         4
 Manifold Assault         Tloc           3%         N/A       93%         4
 Lightning Bolt           Conj/Air       2%         1d13      99%         5
 Alistair's Intoxication  Tmut/Pois      2%         N/A       100%        5
 Storm Form               Tmut/Air       1%         N/A       100%        7


Dungeon Overview and Level Annotations

Branches:
Dungeon (6/15) Zot: 25968  Temple (1/1) D:6 Zot: 5841 Ossuary (visited)

Altars:
Elyvilon
Hepliaklqana
Kikubaaqudgha
Makhleb
Nemelex Xobeh
Okawaru
Qazlal
Ru
Trog
Uskayaw
Vehumet
Wu Jian
Yredelemnul
Zin
The Shining One

Annotations:
D:2 Natasha
D:4 1 runed translucent door, CorgiPerc's ghost, amateur DgFE
D:6 Pikel


Innate Abilities, Weirdness & Mutations

You cannot wear most types of armour.
You are amphibious.
You can wear up to eight rings at the same time.
Your skin changes colour to match your surroundings (Stealth+).
Your rubbery body absorbs attacks. (AC +1, EV +1)
((You are camouflaged when in or above water. (Stealth+)))
You have tentacles for arms and can constrict up to eight enemies at once.


Message History

You hit the orc warrior but do no damage.
You squeeze the orc warrior.
You constrict the orc warrior, but do no damage.
You hit the orc warrior but do no damage.
You constrict the orc warrior.
You hit the orc warrior but do no damage.
You squeeze the orc warrior, but do no damage.
You constrict the orc warrior.
The orc warrior hits you with a +0 short sword!
You take 13 damage, and have 23/56 hp.
MASSIVE DAMAGE!!
You hit the orc warrior but do no damage.
You constrict the orc warrior.
You hit the orc warrior but do no damage.
You constrict the orc warrior.
The orc warrior hits you with a +0 short sword.
You take 5 damage, and have 18/56 hp.
You barely miss the orc warrior. You constrict the orc warrior.
You hit the orc warrior but do no damage.
You squeeze the orc warrior.
You kill the orc warrior!
Things that are here:
a +0 short sword; a +0 chain mail You start resting.
A bullfrog comes into view.
You regained 7 hp, and now have 26/56 hp.
You start resting.
A bullfrog is nearby!
(D) Dungeon (T) Temple
Where to? (Enter - D:6 @ (x,y), ? - help)
A bullfrog is nearby!
A bullfrog is nearby!
There is a stone staircase leading up here.
You climb upwards.
There is a stone staircase leading down here.
You start resting.
Health restored: 56 You climb downwards.
Level annotation: Pikel The bullfrog completely misses you.
The bullfrog hits you!
There is a stone staircase leading up here.
You take 7 damage, and have 49/56 hp.
A bullfrog is nearby!
You hit the bullfrog. Your grab misses the bullfrog. The bullfrog hits you!
You take 8 damage, and have 41/56 hp.
You hit the bullfrog. Your grab misses the bullfrog. You squeeze the bullfrog!
You hit the bullfrog. You grab the bullfrog.
You constrict the bullfrog, but do no damage.
The bullfrog hits you.
You take 1 damage, and have 40/56 hp.
You hit the bullfrog. You squeeze the bullfrog.
You kill the bullfrog!
Your Conjurations skill increases to level 1!
Your Earth Magic skill increases to level 1!
No target in view!
No target in view!
Health restored: 56 2 lemures come into view.
There is a stone staircase leading down here.
Pikel shouts!
The lemure shouts! x2
You hit the ogre. You squeeze the ogre. You hit the ogre but do no damage.
You squeeze the ogre! The ogre misses you. The lemure attacks as you move away!
The lemure hits you.
You take 4 damage, and have 52/56 hp.
You hit the lemure. You grab the lemure.
You squeeze the lemure, but do no damage.
You constrict the lemure. You hit the lemure. You squeeze the lemure!
You constrict the lemure, but do no damage.
You block the lemure's attack.
You hit the lemure. You constrict the lemure. You completely miss the lemure.
You constrict the lemure, but do no damage.
You block the lemure's attack.
You hit the lemure.
You tentacle-slap the lemure, but do no damage.
You constrict the lemure.
Here: a lemure (almost dead, constricted by you)
The floor.
You hit the lemure but do no damage.
You constrict the lemure, but do no damage.
An ice beast comes into view.
The lemure hits you.
You take 5 damage, and have 48/56 hp.
You hit the lemure.
You kill the lemure!
That felt strangely unrewarding.
You barely miss the ogre. You hit the ogre. Your squeeze misses the ogre.
The ogre hits you with a +0 giant spiked club!!
Ouch! That really hurt!
You take 28 damage, and have 20/56 hp.
MASSIVE DAMAGE!!
You hit the ogre. You squeeze the ogre, but do no damage. You hit the ogre.
You hit the ogre. Your squeeze misses the ogre. You hit the ogre.
Your squeeze misses the ogre.
The ogre hits you with a +0 giant spiked club!!!
Ouch! That really hurt!
You die...

........ .. ## #...
..!..!. .. .##..# .....
.# .#.#..5## :.### ..##
........# ....##.#..#####
#.......#
.......##.....###5Y......
....#####......$K5...$.#
...))).........#O###./.#
.....#####.....#@# ##
.................#
..(.#..........###
......####.#..## ..F..##
#...### ###### ##....#
#....## #<....#####
#.........#


You could see Pikel, an ice beast, an ogre and 2 lemures.

Vanquished Creatures
  2 wraiths (Ossuary)
  An orc warrior (D:6)
  An ice beast (D:5)
  A black bear (D:5)
  2 ogres (D:5)
  A lemure (D:6)
  A phantom (D:6)
  2 elf zombies (D:6)
  A kobold brigand (D:3)
  2 bullfrogs
  A scorpion (D:5)
  4 wights (Ossuary)
  4 howler monkeys
  A centaur zombie (Ossuary)
  2 jellies
  A gnoll bouda (D:3)
  2 hounds
  2 iguanas
  2 orc wizards (D:6)
  17 gnolls
  12 adders
  3 worms (D:2)
  2 dart slugs (D:1)
  21 orcs
  3 bats
  6 endoplasms
  3 giant cockroaches
  7 goblins
  3 hobgoblins
  11 jackals (D:3)
  2 quokkas (D:1)
  6 ball pythons
  A ball python skeleton (Ossuary)
  A frilled lizard (D:2)
  A hobgoblin skeleton (Ossuary)
  2 hobgoblin zombies (Ossuary)
  4 kobolds
  4 orc skeletons
  2 orc zombies
  3 rats
147 creatures vanquished.

Vanquished Creatures (others)
  12 fungi (D:6)
  A plant (D:6)
13 creatures vanquished.

Grand Total: 160 creatures vanquished

Notes
Turn   | Place    | Note
-------+----------+-------------------------------------------
     0 | D:1      | sokol815 the Octopode Fighter began the quest for the Orb.
     0 | D:1      | Reached XP level 1. HP: 16/16 MP: 1/1
   238 | D:1      | Reached XP level 2. HP: 21/21 MP: 2/2
   300 | D:1      | Reached skill level 3 in Axes
   616 | D:1      | Reached XP level 3. HP: 23/26 MP: 3/3
   979 | D:2      | Learned a level 3 spell: Confusing Touch
  1005 | D:2      | Found a faded altar of an unknown god.
  1201 | D:2      | Reached XP level 4. HP: 15/31 MP: 5/5
  1277 | D:2      | Noticed Natasha
  1318 | D:2      | Identified the amulet "Bomosaik" {RegenMP Str+6}
  1448 | D:3      | Reached skill level 1 in Spellcasting
  1450 | D:3      | Reached skill level 1 in Hexes
  1883 | D:3      | Reached skill level 4 in Axes
  2131 | D:3      | Reached skill level 2 in Hexes
  2131 | D:3      | Reached XP level 5. HP: 36/36 MP: 7/7
  2495 | D:3      | Reached skill level 1 in Short Blades
  2503 | D:3      | Reached XP level 6. HP: 33/42 MP: 8/8
  2518 | D:3      | Reached skill level 2 in Spellcasting
  2518 | D:3      | Reached skill level 3 in Hexes
  2761 | D:3      | Reached skill level 2 in Short Blades
  3093 | D:3      | Reached XP level 7. HP: 39/46 MP: 10/10
  3227 | D:3      | Reached skill level 3 in Short Blades
  3227 | D:3      | Reached skill level 4 in Hexes
  3456 | D:4      | Reached skill level 1 in Stealth
  3558 | D:4      | Reached skill level 2 in Stealth
  3700 | D:4      | Got the Atlas of the Shot
  3741 | D:4      | Found a runed translucent door.
  3742 | D:4      | Noticed CorgiPerc's ghost (amateur DgFE)
  4065 | D:4      | Reached skill level 3 in Stealth
  4198 | D:4      | You fall into a shaft and drop 2 floors!
  4230 | D:6      | Reached skill level 4 in Short Blades
  4230 | D:6      | Reached skill level 4 in Stealth
  4238 | D:6      | Noticed Pikel
  4261 | D:6      | Found a staircase to the Ecumenical Temple.
  4270 | Temple   | Entered the Ecumenical Temple
  4476 | D:6      | Reached XP level 8. HP: 49/52 MP: 11/11
  4479 | D:6      | Found a sand-covered staircase.
  4487 | D:6      | Reached skill level 5 in Stealth
  4489 | Ossuary  | Entered an ossuary
  4557 | Ossuary  | Reached skill level 6 in Stealth
  4739 | Ossuary  | Noticed a flying skull
  4739 | Ossuary  | Noticed a wraith
  4746 | Ossuary  | Noticed a flying skull
  4751 | Ossuary  | Noticed a wraith
  4758 | Ossuary  | Killed a wraith
  4759 | Ossuary  | Reached skill level 7 in Stealth
  4793 | Ossuary  | Noticed a flying skull
  4848 | Ossuary  | Reached skill level 5 in Short Blades
  4924 | Ossuary  | Noticed a flying skull
  4934 | Ossuary  | Noticed a wraith
  4936 | Ossuary  | Killed a wraith
  4937 | Ossuary  | Reached skill level 8 in Stealth
  4937 | Ossuary  | Reached skill level 3 in Spellcasting
  5062 | D:5      | Entered Level 5 of the Dungeon
  5133 | D:5      | HP: 13/52 [ice beast (2)]
  5138 | D:5      | HP: 13/52 [ice beast (4)]
  5147 | D:5      | Reached XP level 9. HP: 10/56 MP: 14/14
  5153 | D:5      | Reached skill level 5 in Hexes
  5361 | D:5      | Reached skill level 6 in Short Blades
  5361 | D:5      | Reached skill level 4 in Spellcasting
  5619 | D:4      | Learned a level 3 spell: Stone Arrow
  6056 | D:6      | Reached skill level 1 in Conjurations
  6056 | D:6      | Reached skill level 1 in Earth Magic
  6135 | D:6      | Demolished by an ogre

Illustrated notes

Levels and vault maps discovered:
D:1:      co_arrival_random_square_maze, layout_loops_cross,
          dreamdust_princess_corridor, roderic_roman_lattice
D:2:      layout_basic, shapermc_ecumenical_altar_flowoftime, uniq_natasha
D:3:      lemuel_castle_with_subvaults [lemuel_castle_interior_carwin_3],
          layout_loops_ring, minmay_cut_off
D:4:      layout_loops_ring, gammafunk_ghost_grave
D:5:      minmay_inner_zag, layout_basic,
          mainiacjoe_overflow_concentric_impassable
D:6:      layout_rooms, fedhas_altar_3, minmay_temple_entry_crystal_x,
          nicolae_ossuary_entry_catacombs, uniq_pikel
Temple:   bh_familiar_temple

Skill      XL: |  1  2  3  4  5  6  7  8  9 |
---------------+----------------------------+-----
Axes           | 3 4 |  4.1
Spellcasting   | 1 2 3 4 |  4.0
Hexes          | 2 3 4 5 |  5.7
Short Blades   | 1 2 4 5 6 |  6.3
Stealth        | 4 8 |  8.0
Conjurations   | 1 |  1.0
Earth Magic    | 1 |  1.0
Fighting       | |  3.0
Dodging        | |  3.0
Shields        | |  3.0

Action                   |  1- 3 |  4- 6 |  7- 9 || total
-------------------------+-------+-------+-------++-------
Melee: War axe           |    54 |    42 |       ||    96
       Constrict         |    14 |    43 |    32 ||    89
       Tentacles         |     9 |    44 |    57 ||   110
       Punch             |     1 |     4 |     4 ||     9
       Dagger            |       |   117 |   212 ||   329
       Flail             |       |       |     1 ||     1
Throw: Stone             |     8 |    13 |       ||    21
 Cast: Confusing Touch   |       |       |     1 ||     1
  Use: Scroll            |       |     9 |     7 ||    16
       Potion            |       |       |     3 ||     3
 Stab: Sleeping          |     5 |     1 |    20 ||    26
       Distracted        |       |       |     1 ||     1
Armor: Skin              |     2 |     2 |     1 ||     5
Dodge: Dodged            |    33 |    57 |    48 ||   138
Block: Buckler           |    10 |    15 |    10 ||    35

Table legend: (Time is in decaauts)
 A = Elapsed time spent in this place.
 B = Non-inter-level travel time spent in this place.
 C = Inter-level travel time spent in this place.
 D = Time resting spent in this place.
 E = Time spent auto-exploring this place.
 F = Levels seen in this place.
 G = Mean time per level.
                   A        B        C        D        E       F      G
               +--------+--------+--------+--------+--------+-----+--------+
         Total |   6030 |   5784 |    246 |   1045 |   3411 |   8 |  753.8 |
       Dungeon |   5362 |   5116 |    246 |    818 |   3250 |   6 |  893.7 |
        Temple |    158 |    158 |      0 |      0 |      0 |   1 |  158.0 |
       Ossuary |    509 |    509 |      0 |    227 |    161 |   1 |  509.0 |
               +--------+--------+--------+--------+--------+-----+--------+

Top non-repeatable levels by time:
     D:3: 1751 daAuts
     D:4: 980 daAuts
     D:1: 922 daAuts
     D:2: 693 daAuts
     D:5: 685 daAuts
 Ossuary: 509 daAuts
     D:6: 329 daAuts
  Temple: 158 daAuts

Table legend:
 A = Kills in this place as a percentage of kills in entire the game.
 B = Kills by you in this place as a percentage of kills by you in the entire game.
 C = Kills by friends in this place as a percentage of kills by friends in the entire game.
 D = Other kills in this place as a percentage of other kills in the entire game.
 E = Experience gained in this place as a percentage of experience gained in the entire game.
 F = Experience gained in this place divided by the number of levels of this place that you have seen.
                   A       B       C       D       E      F
               +-------+-------+-------+-------+-------+----------------------
         Total | 100.0 | 100.0 |   N/A |   N/A | 100.0 | 397.4
       Dungeon |  91.1 |  91.1 |   N/A |   N/A |  76.0 | 402.7
       Ossuary |   8.9 |   8.9 |   N/A |   N/A |  24.0 | 763.0
               +-------+-------+-------+-------+-------+----------------------
